 Dungeon Crawl Stone Soup version 0.28.0-43-g3370ac3207 (webtiles) character file.

Game seed: 1402291909776623843

252 uselesstheremin the Ruffian (level 5, -1/81 HPs)
             Began as a Troll Berserker on Mar 9, 2022.
             Was a Believer of Trog.
             Slain by a gnoll
             ... wielding a +0 club
              (4 damage)
             ... on level 5 of the Dungeon.
             The game lasted 00:06:44 (1600 turns).

uselesstheremin the Ruffian (Troll Berserker)       Turns: 1600, Time: 00:06:44

Health: -1/81      AC:  4    Str: 27    XL:     5   Next: 89%
Magic:  4/4        EV: 10    Int:  3    God:    Trog [**....]
Gold:   114        SH:  0    Dex:  9    Spells: 4/4 levels left

rFire   . . .      SeeInvis .     - Unarmed
rCold   . . .      Faith    .   (no shield)
rNeg    . . .      Spirit   .   a - +0 animal skin
rPois   .          Reflect  .   (helmet restricted)
rElec   .          Harm     .   (no cloak)
rCorr   .          Rampage  .   (gloves unavailable)
Will    ++...                   (boots unavailable)
Stlth   ..........              (no amulet)
HPRegen 2.03/turn               (no ring)
MPRegen 0.09/turn               (no ring)

@: berserking, strong-willed, regenerating, very quick
A: large, unfitting armour, claws 3, regeneration 1, shaggy fur 1, tough skin 1
a: Renounce Religion, Berserk, Trog's Hand


You were on level 5 of the Dungeon.
You worshipped Trog.
Trog was pleased with you.
You visited 1 branch of the dungeon, and saw 4 of its levels.

You collected 114 gold pieces.

Inventory:

Armour
 a - a +0 animal skin (worn)
Scrolls
 b - a scroll of enchant armour {unknown}
 g - a scroll of magic mapping {unknown}
Potions
 c - a potion of berserk rage {unknown}
 d - 2 potions of might {unknown}
 e - a potion of mutation {unknown}
 f - a potion of haste {unknown}
 h - a potion of lignification {unknown}
 i - a potion of heal wounds {unknown}


   Skills:
 + Level 3.6 Fighting
 + Level 3.4 Dodging
 + Level 0.1 Stealth
 + Level 4.8 Unarmed Combat


You had 4 spell levels left.
You didn't know any spells.
Your spell library was empty.

Dungeon Overview and Level Annotations

Branches:
Dungeon (3/15)

Altars:
Ashenzari

Annotations:
D:5 Grinder


Innate Abilities, Weirdness & Mutations

You are too large for most types of armour.
You have claws for hands.
Your natural rate of healing is unusually fast.
You are covered in fur. (AC +1)
You have tough skin. (AC +1)


Message History

The gnoll closely misses you.
You scratch the adder but do no damage. The adder closely misses you.
Grinder says, "Just stop there for a second..."
The gnoll barely misses you.
The dart slug bites you but does no damage.
The gnoll completely misses you.
A red film seems to cover your vision as you go berserk!
You feel yourself moving faster!
You feel mighty! The adder bites you but does no damage.
The gnoll hits you with a +0 club.
* * * LOW HITPOINT WARNING * * *
The adder barely misses you. The gnoll barely misses you.
You claw the adder!
You kill the adder!
Trog accepts your kill. The dart slug launches a dart at you.
The slug dart misses you.
Found a notched diamond ring.
Grinder says, "DUCK!"
The gnoll hits you with a +0 club.
* * * LOW HITPOINT WARNING * * *
The gnoll hits you with a +0 halberd!
* * * LOW HITPOINT WARNING * * *
You see here an adder corpse.
You claw the dart slug!
The dart slug is almost dead.
Grinder hits you!
* * * LOW HITPOINT WARNING * * *
You mangle the dart slug!!
You kill the dart slug!
Trog accepts your kill. The gnoll barely misses you. x2
You mangle the gnoll!!
You kill the gnoll!
Trog accepts your kill. Grinder hits you.
* * * LOW HITPOINT WARNING * * *
You writhe in agony.
* * * LOW HITPOINT WARNING * * *
The gnoll hits you with a +0 club.
You die...

##########
#........#
#........#
#........#
#........#
#).5......
#g@†.....#
#...)..#....
#............
#.............
#.............
#?...$...<....
#.............
#...=.........


You could see Grinder and a gnoll.

Vanquished Creatures
  A hound (D:2)
  A jelly (D:3)
  2 orc wizards (D:3)
  2 gnolls (D:5)
  8 adders
  A worm (D:2)
  3 dart slugs
  An orc (D:3)
  9 bats
  4 endoplasms
  4 giant cockroaches
  3 goblins
  3 hobgoblins
  3 quokkas
  3 ball pythons
  3 frilled lizards
  4 kobolds
  4 rats
59 creatures vanquished.

Vanquished Creatures (others)
  An orc (D:3)
1 creature vanquished.

Grand Total: 60 creatures vanquished

Notes
Turn   | Place    | Note
-------+----------+-------------------------------------------
     0 | D:1      | uselesstheremin the Troll Berserker began the quest for the
                  | Orb.
     0 | D:1      | Reached XP level 1. HP: 22/22 MP: 0/0
    86 | D:1      | Found a faded altar of an unknown god.
   210 | D:1      | Reached XP level 2. HP: 29/29 MP: 1/1
   773 | D:2      | Found a broken altar of Ashenzari.
   778 | D:2      | Reached XP level 3. HP: 36/36 MP: 2/2
   832 | D:2      | Reached XP level 4. HP: 34/45 MP: 3/3
   840 | D:2      | Reached ** piety under Trog
   846 | D:2      | Reached skill level 4 in Unarmed Combat
  1277 | D:3      | Reached XP level 5. HP: 48/53 MP: 4/4
  1581 | D:3      | You fall into a shaft and drop 2 floors!
  1581 | D:5      | Entered Level 5 of the Dungeon
  1581 | D:5      | Noticed Grinder
  1600 | D:5      | HP: 3/81 [Grinder (2)]
  1600 | D:5      | Slain by a gnoll

Illustrated notes

Levels and vault maps discovered:
D:1:      dpeg_arrival_renting, layout_basic, chequers_ecumenical_altar_twisty,
          kennysheep_decorative_pillar, minmay_heptomino_l4
D:2:      layout_rooms, basic_altar, nicolae_elevator_lobby_asterisk
D:3:      layout_basic, minmay_hedge_maze
D:5:      layout_rooms, uniq_eustachio, uniq_edmund, uniq_grinder

Skill      XL: |  1  2  3  4 |
---------------+-------------+-----
Fighting       | 3 |  3.6
Dodging        | 3 |  3.4
Unarmed Combat | 4 |  4.8
Stealth        | |  0.1

Action                   |  1- 3 |  4- 6 || total
-------------------------+-------+-------++-------
Melee: Unarmed           |    82 |   113 ||   195
Throw: Throwing net      |       |     1 ||     1
Invok: Berserk           |       |     1 ||     1
       Trog's Hand       |       |     1 ||     1
Armor: Animal skin       |    30 |    45 ||    75
Dodge: Dodged            |    44 |    62 ||   106
